Map: Prion Terraces

Players

MorN - Winner!

  • Race: Terran Terran
  • League: Master

Mariuslol

  • Race: Zerg Zerg
  • League: Master

VOD

Have the link to the VOD?

Description

Time

  • Played on: Nov. 22, 2015, 3:48 a.m.
  • Length: 10:26
Show
View Real Time Build Order
Export as new Build Order

MorN Terran - Winner!

Build Orders: Reaper Expand, MMM Bio 

Get SALT Encoding   

  12  0:00  SCV  
  13  0:13  SCV  
  14  0:17  Supply Depot  
  14  0:25  SCV  
  15  0:38  SCV  
  15  0:40  Barracks  
  16  0:46  Refinery  
  16  0:51  SCV  
  17  1:03  SCV  
  18  1:15  SCV  
  19  1:27  Orbital Command  
  19  1:30  Reaper  
  20  1:40  Command Center  
  20  1:54  SCV  
  21  2:07  SCV, Barracks Reactor  
  22  2:19  Command Center  
  22  2:22  SCV, Supply Depot  
  23  2:38  Factory  
  23  2:44  SCV  
  23  2:48  Marine x2  
  26  2:55  Orbital Command  
  26  2:56  SCV  
  27  3:06  Marine x2  
  27  3:07  Refinery  
  27  3:08  SCV  
  30  3:20  SCV  
  30  3:23  SCV, Starport  
  30  3:27  Factory Tech Lab, Marine x2  
  32  3:31  Orbital Command  
  35  3:34  SCV  
  35  3:38  SCV  
  36  3:46  SCV  
  37  3:52  Bunker, Marine x2  
  37  3:54  Siege Tank  
  37  3:55  SCV  
  43  3:57  SCV  
  43  3:59  SCV  
  44  4:07  Medivac  
  44  4:09  SCV  
  47  4:14  Marine x2  
  47  4:16  Supply Depot  
  49  4:17  Supply Depot  
  49  4:22  SCV  
  50  4:25  SCV  
  50  4:27  SCV  
  50  4:30  Siege Tank  
  55  4:33  Marine x2  
  55  4:34  SCV  
  57  4:53  SCV  
  55  5:04  Siege Tank  
  55  5:11  Bunker  
  55  5:14  SCV  
  55  5:17  Refinery  
  55  5:20  Barracks x2  
  54  5:33  SCV  
  55  5:37  SCV  
  55  5:40  Refinery  
  56  5:44  Barracks Tech Lab  
  56  5:47  SCV x2  
  56  5:49  Supply Depot  
  58  5:59  SCV  
  58  6:02  Medivac  
  61  6:07  Factory Reactor  
  61  6:08  SCV  
  61  6:09  SCV  
  62  6:11  SCV  
  62  6:20  SCV  
  62  6:22  Stimpack  
  63  6:27  SCV  
  64  6:36  SCV  
  64  6:38  Supply Depot  
  64  6:39  Engineering Bay  
  65  6:40  Engineering Bay  
  65  6:45  Marine  
  66  6:54  Factory Reactor  
  66  6:55  Marine  
  66  6:57  Starport Reactor  
  67  7:01  Barracks  
  67  7:02  Supply Depot, Barracks, Orbital Command  
  67  7:03  Marine  
  67  7:05  Supply Depot  
  68  7:13  Marine  
  68  7:14  Marine x3  
  72  7:21  Marine  
  73  7:24  SCV x2  
  73  7:26  Terran Infantry Weapons Level 1, Terran Infantry Armor Level 1  
  73  7:28  Supply Depot  
  75  7:31  Marine x2  
  77  7:38  Medivac, Marine x2  
  77  7:39  Medivac  
  77  7:41  SCV  
  84  7:47  Marine  
  85  7:53  Marine  
  85  7:54  Marine  
  85  7:55  Barracks Reactor x2  
  87  7:58  SCV  
  87  8:01  Supply Depot x2  
  87  8:05  SCV, Barracks  
  89  8:06  Barracks  
  89  8:07  Armory, Barracks  
  89  8:09  SCV, Supply Depot  
  90  8:14  Widow Mine x2  
  90  8:15  Medivac x2  
  90  8:19  Supply Depot, SCV x2  
  100  8:20  Supply Depot  
  100  8:23  Marine x3  
  100  8:24  Marine, Marauder  
  100  8:25  Combat Shields  
  106  8:31  Marine x4  
  110  8:41  Command Center, Marine x3  
  110  8:42  Marine  
  110  8:45  Missile Turret, Marine  
  110  8:46  Missile Turret  
  108  8:51  Marine  
  108  8:52  Marine  
  108  8:53  Marine x2  
  108  8:54  Barracks Reactor  
  108  8:55  Barracks Reactor x2  
  112  8:57  Barracks Tech Lab x2  
  112  8:59  Medivac x2  
  112  9:01  SCV x3  
  112  9:02  Refinery, Marine x4  
  123  9:03  Refinery, Marauder  
  123  9:07  Supply Depot  
  123  9:09  Missile Turret, Marine x2  
  126  9:11  Marine x2  
  126  9:13  SCV  
  130  9:18  Marine x2  
  130  9:19  Marine  
  130  9:20  Marine x3  
  130  9:21  Supply Depot  
  130  9:22  Widow Mine x2  
  140  9:25  Marauder  
  140  9:27  Marine x2  
  140  9:28  Marine  
  140  9:29  Supply Depot, Marine  
  146  9:31  Supply Depot  
  146  9:32  SCV x2  
  146  9:33  SCV  
  146  9:37  Marine x2  
  153  9:41  Marine x2  
  153  9:42  Marine  
  153  9:44  SCV  
  153  9:45  SCV, Marine x2  
  161  9:52  Marine x2  
  160  9:58  Missile Turret  
  160  10:04  Marauder x2  
  160  10:05  Marine  
  170  10:17  Refinery  
  170  10:18  Refinery  
Show
View Real Time Build Order
Export as new Build Order

Mariuslol Zerg 

Build Orders: Hatch First, Muta Ling Bane, Ravager All-In 

Get SALT Encoding   

  12  0:00  Drone  
  13  0:13  Overlord  
  13  0:17  Drone  
  14  0:31  Drone  
  14  0:32  Drone  
  16  0:36  Drone  
  17  0:53  Hatchery  
  17  0:55  Drone  
  17  1:06  Drone  
  17  1:07  Extractor  
  17  1:16  Spawning Pool  
  16  1:19  Drone  
  16  1:21  Drone  
  18  1:32  Drone  
  19  1:40  Drone  
  20  1:51  Overlord  
  20  2:04  Queen  
  20  2:05  Zergling x2  
  20  2:06  Queen, Zergling x2  
  26  2:09  Metabolic Boost  
  26  2:18  Zergling x2  
  26  2:19  Drone  
  28  2:31  Drone  
  28  2:32  Drone  
  30  2:40  Drone  
  30  2:43  Extractor  
  30  2:50  Drone  
  30  2:51  Drone x2  
  33  2:53  Roach Warren  
  32  3:02  Overlord x2  
  32  3:22  Evolution Chamber  
  31  3:33  Roach x2  
  31  3:34  Roach x6  
  43  3:39  Overlord  
  47  3:45  Zergling x2  
  48  3:49  Zergling x4  
  51  4:02  Zergling x2  
  51  4:03  Zergling x2  
  51  4:06  Drone x3  
  51  4:07  Drone  
  56  4:14  Drone x2  
  58  4:23  Extractor  
  57  4:29  Ravager x3  
  58  4:40  Ravager  
  58  4:41  Ravager  
  60  4:55  Drone x2  
  60  4:56  Drone  
  60  4:57  Drone  
  52  5:08  Drone x8  
  52  5:09  Drone  
  58  5:25  Lair, Hatchery  
  58  5:28  Drone x3  
  59  5:36  Overlord  
  59  5:39  Zerg Melee Weapons Level 1  
  58  5:52  Spine Crawler, Queen  
  58  5:54  Spore Crawler  
  58  5:55  Overlord, Extractor  
  58  5:56  Drone  
  58  5:57  Drone x2  
  58  5:58  Drone x2  
  58  5:59  Evolution Chamber, Drone  
  62  6:06  Drone x3  
  62  6:07  Drone x2  
  67  6:12  Overlord  
  67  6:25  Spore Crawler, Zerg Ground Armor Level 1  
  66  6:26  Spire  
  66  6:28  Drone  
  66  6:29  Drone  
  67  6:36  Drone x2  
  69  6:41  Drone x2  
  69  6:42  Drone x3  
  74  6:54  Overlord  
  74  6:55  Drone x3  
  74  6:57  Extractor  
  74  7:00  Extractor  
  75  7:03  Spore Crawler, Drone x4  
  75  7:07  Pneumatized Carapace  
  78  7:08  Baneling Nest  
  78  7:14  Overlord x2  
  77  7:20  Overlord  
  76  7:29  Overlord  
  76  7:33  Spine Crawler  
  76  7:34  Hatchery  
  76  7:35  Overseer  
  74  7:42  Zerg Flyer Weapons Level 1, Glial Reconstitution  
  74  7:44  Mutalisk  
  74  7:45  Mutalisk x5  
  74  7:48  Mutalisk  
  88  7:56  Queen  
  90  8:00  Overlord  
  90  8:04  Zergling x4  
  90  8:05  Overlord  
  92  8:11  Overlord  
  92  8:13  Centrifical Hooks  
  92  8:20  Overlord  
  92  8:24  Drone x6  
  92  8:25  Drone  
  99  8:28  Extractor  
  99  8:29  Baneling x3, Extractor  
  99  8:30  Baneling x2  
  97  8:35  Overlord x2  
  97  8:38  Overlord  
  97  8:46  Overlord  
  97  8:47  Overlord  
  97  8:52  Overlord x2  
  97  8:57  Spore Crawler  
  97  8:58  Drone x2, Spine Crawler  
  97  8:59  Spine Crawler  
  96  9:08  Hatchery  
  95  9:12  Overlord  
  95  9:14  Drone x2, Overlord x2  
  95  9:16  Overseer  
  95  9:17  Overseer  
  97  9:18  Zergling x2  
  98  9:29  Overseer  
  98  9:34  Mutalisk x3  
  98  9:36  Zergling x6  
  98  9:37  Zergling x2  
  98  9:38  Zergling x10  
  113  9:45  Infestation Pit  
  112  9:53  Zergling x2  
  112  9:54  Zergling x2  
  112  9:55  Zergling x8  
  112  9:56  Zergling x10  
Tags
 
Add a new tag
Caveats
  • Supply blocks, unpowered buildings, or Contaminate may cause inaccurate times.
  • Supply counts are checked every 10 seconds.